 Dungeon Crawl Stone Soup version 0.30-a0-462-gd5975efbca (webtiles) character file.

Game seed: 15371925751906864821

436 NinjaNoafa the Trooper (level 7, -1/54 HPs)
             Began as a Djinni Fire Elementalist on Dec 16, 2022.
             Was an Initiate of Elyvilon (penitent).
             Killed themself with a badly aimed concussive blast (3 damage)
             ... on level 5 of the Dungeon.
             The game lasted 00:05:56 (4389 turns).

NinjaNoafa the Trooper (Djinni Fire Elementalist)   Turns: 4389, Time: 00:05:56

Health: -1/54      AC:  2    Str:  7    XL:     7   Next: 21%
Gold:   176        EV: 13    Int: 18    God:    Elyvilon [......] SH:  0 Dex: 20

rFire   + + .      SeeInvis .    i - staff of conjuration
rCold   x . .      Faith    +    (no shield)
rNeg    . . .      Spirit   .    a - +0 robe
rPois   ∞          Reflect  .    (no helmet)
rElec   .          Harm     .    (no cloak)
rCorr   .          Rampage  .    (no gloves)
Will    .....                    (boots unavailable)
Stlth   ++........               d - amulet of faith
HPRegen 0.29/turn                n - +6 ring of dexterity
MPRegen 0.00/turn                (no ring)

@: flying
A: sickness immunity, fire resistance 2, cold vulnerability 1, float, innate
caster, HP casting, extra vitality 1
a: Renounce Religion


You were on level 5 of the Dungeon.
You worshipped Elyvilon.
Elyvilon was demanding penance.
You visited 2 branches of the dungeon, and saw 6 of its levels.

You collected 176 gold pieces.

Inventory:

Missiles
 e - 42 stones
 f - 3 curare-tipped darts
 l - 2 atropa-tipped darts
 m - 7 poisoned darts
 o - a throwing net
Armour
 a - a +0 robe (worn)
Magical Staves
 i - a staff of conjuration (weapon)
Jewellery
 d - an amulet of faith (around neck)
 n - a +6 ring of dexterity (left hand)
Scrolls
 b - a scroll of noise {unknown}
 c - 7 scrolls of identify {unknown}
 j - a scroll of fear {unknown}
 p - a scroll of amnesia {unknown}
Potions
 g - 2 potions of curing
 h - 2 potions of flight {unknown}
 k - a potion of degeneration {unknown}


   Skills:
 - Level 5.0 Fighting
 - Level 3.0 Dodging
 - Level 1.5 Stealth
 + Level 4.1 Spellcasting


You couldn't memorise any spells.
You knew the following spells:

 Your Spells              Type           Power      Damage    Failure   Level
a - Foxfire               Conj/Fire      100%       2x1d9     2%          1
b - Scorch                Fire           36%        2d6       4%          2
c - Kindle Blastsparks    Fire/Tloc/Air  36%        2d13      9%          3
d - Inner Flame           Hex/Fire       18%        N/A       9%          3
e - Flame Wave            Conj/Fire      27%        2d9       26%         4
f - Summon Small Mammal   Summ           72%        N/A       2%          1
g - Searing Ray           Conj           54%        2d6       4%          2
h - Dazzling Flash        Conj/Hex       54%        N/A       9%          3
Your spell library was empty.

Dungeon Overview and Level Annotations

Branches:
Dungeon (5/15)             Temple (1/1) D:4

Altars:
Cheibriados
Elyvilon
Fedhas
Gozag
Hepliaklqana
Qazlal
Ru
Zin
The Shining One

Shops:
D:4 (


Innate Abilities, Weirdness & Mutations

You are immune to sickness and miasma.
You are immune to poison.
Your flesh is very heat resistant. (rF++)
You are vulnerable to cold. (rC-)
You float through the air rather than walking.
You learn spells naturally, not from books.
Your magical power is your life essence.
You have superior vitality. (+4 MHP)


Message History

A cloud of volatile blastsparks flares up around you!
The jelly attacks as you move away! The jelly hits you but does no damage.
The cloud of blastsparks explodes!
The concussive blast engulfs the jelly!
The jelly is severely wounded.
The concussive blast engulfs you. You resist.
* * * LOW HITPOINT WARNING * * *
You are knocked back by the blast.
Something shouts, "Run away, thou baffled wibble-sucking canker-blossom!"
Casting: Kindle Blastsparks (dangerous; 9% risk of failure)
Confirm with . or Enter, or press ? or * to list all spells.
A cloud of volatile blastsparks flares up around you!
* * * LOW HITPOINT WARNING * * *
The cloud of blastsparks explodes!
The concussive blast engulfs the jelly.
You kill the jelly!
The concussive blast engulfs you! You resist.
* * * LOW HITPOINT WARNING * * *
You are knocked back by the blast.
Your Spellcasting skill increases to level 4!
Okay, then.
Casting: Kindle Blastsparks (dangerous; 9% risk of failure)
Confirm with . or Enter, or press ? or * to list all spells.
A cloud of volatile blastsparks flares up around you!
* * * LOW HITPOINT WARNING * * *
The cloud of blastsparks explodes!
The concussive blast engulfs the iguana!
The iguana is heavily wounded.
You feel better.
A quokka comes into view.
Casting: Kindle Blastsparks (dangerous; 9% risk of failure)
Confirm with . or Enter, or press ? or * to list all spells.
A cloud of volatile blastsparks flares up around you!
* * * LOW HITPOINT WARNING * * *
The iguana bites you!
* * * LOW HITPOINT WARNING * * *
The iguana attacks as you move away! The iguana closely misses you.
The cloud of blastsparks explodes!
The concussive blast engulfs the iguana!
The iguana is almost dead.
The concussive blast engulfs you. You resist.
You die...

#<## ... #.#
###.# ....######
#†...l..##
#.####.#.##
#########
#.###.###.##
#........ #J#..##
##.####@#
#.#...###...r.l.#
#l#..#.#..#######
#.......#.
####..####.
#.......##.
..."....##.
............
............


You could see an iguana and a quokka.

Vanquished Creatures
  An ogre (D:4)
  2 jellies (D:5)
  An orc priest (D:4)
  3 orc wizards
  4 gnolls (D:4)
  7 adders
  An ufetubus (D:4)
  A worm (D:3)
  9 orcs
  4 endoplasms
  4 giant cockroaches
  9 goblins
  3 hobgoblins
  7 jackals
  6 kobolds
  A quokka (D:2)
  5 ball pythons
  4 bats
  A frilled lizard (D:1)
  3 rats
  4 butterflies (D:2)
80 creatures vanquished.

Vanquished Creatures (collateral kills)
  A ball python (D:4)
  An endoplasm (D:3)
  2 giant cockroaches
  2 goblins
  A frilled lizard (D:3)
  4 foxfires (D:2)
11 creatures vanquished.

Vanquished Creatures (others)
  169 foxfires
169 creatures vanquished.

Grand Total: 260 creatures vanquished

Notes
Turn   | Place    | Note
-------+----------+-------------------------------------------
     0 | D:1      | NinjaNoafa the Djinni Fire Elementalist began the quest for
                  | the Orb.
     0 | D:1      | NinjaNoafa set off with the following spells memorised:
                  | Foxfire, Scorch, Kindle Blastsparks, Inner Flame, Flame
                  | Wave.
     0 | D:1      | Reached XP level 1. HP: 15/15 MP: 0/0
    57 | D:1      | Reached XP level 2. HP: 11/21 MP: 0/0
   256 | D:1      | Reached skill level 1 in Fighting
   616 | D:1      | Reached XP level 3. HP: 24/27 MP: 0/0
   616 | D:1      | Learned a level 1 spell: Summon Small Mammal
  1008 | D:2      | Identified the +10 short sword "Cuthux" {freeze, Str+4}
  1293 | D:2      | Reached skill level 2 in Fighting
  1894 | D:3      | Reached XP level 4. HP: 27/34 MP: 0/0
  2112 | D:3      | Reached skill level 3 in Fighting
  2472 | D:3      | HP: 1/35 [orc/+0 hand axe (4)]
  2485 | D:3      | Reached XP level 5. HP: 7/41 MP: 0/0
  2485 | D:3      | Learned a level 2 spell: Searing Ray
  2846 | D:3      | Reached skill level 4 in Fighting
  3444 | D:4      | Found a staircase to the Ecumenical Temple.
  3457 | Temple   | Entered the Ecumenical Temple
  3490 | Temple   | Became a worshipper of Elyvilon the Healer
  3510 | D:4      | Reached XP level 6. HP: 34/49 MP: 0/0
  3542 | D:4      | Noticed an ogre
  3551 | D:4      | Killed an ogre
  3552 | D:4      | Reached skill level 5 in Fighting
  3880 | D:4      | Found a glowing silver altar of Zin.
  3951 | D:4      | Found Yfeufyd's Antique Weapon Shoppe.
  3955 | D:4      | Was placed under penance by Elyvilon
  4188 | D:4      | Reached XP level 7. HP: 33/54 MP: 0/0
  4188 | D:4      | Learned a level 3 spell: Dazzling Flash
  4357 | D:4      | You are sucked into a shaft and drop 1 floor!
  4357 | D:5      | Entered Level 5 of the Dungeon
  4388 | D:5      | HP: 2/54 [iguana (12)]
  4389 | D:5      | Killed themself with a badly aimed concussive blast

Illustrated notes

Levels and vault maps discovered:
D:1:      wander_arrival_chamber, layout_basic, serial_rivers,
          chequers_serial_rivers_micro_a, chequers_serial_rivers_micro_a,
          chequers_serial_rivers_small_b, chequers_serial_rivers_micro_c
D:2:      minmay_door_path, layout_basic, hangedman_glass_garden
D:3:      layout_loops_cross, minmay_puff
D:4:      layout_gridville, kennysheep_little_box, minmay_temple_entry_hall,
          serial_glass, glass_columns_c, glass_columns_b, serial_shops, shop
D:5:      layout_loops_cross, nicolae_uskayaw_suspiria
Temple:   hellmonk_temple_rainy

Skill      XL: |  1  2  3  4  5  6  7 |
---------------+----------------------+-----
Dodging        | 3 |  3.0
Fighting       | 1 2 3 4 5 |  5.0
Spellcasting   | 3 4 |  4.1
Stealth        | |  1.5

Action                   |  1- 3 |  4- 6 |  7- 9 || total
-------------------------+-------+-------+-------++-------
Melee: Staff             |     1 |     4 |       ||     5
 Cast: Foxfire           |    70 |    42 |       ||   112
       Scorch            |    10 |    17 |       ||    27
       Summon Small Mamm |    10 |    18 |       ||    28
       Kindle Blastspark |     1 |    10 |     7 ||    18
       Inner Flame       |       |     9 |       ||     9
       Searing Ray       |       |     7 |       ||     7
       Dazzling Flash    |       |       |     2 ||     2
  Use: Potion            |       |     3 |     1 ||     4
Armor: Robe              |     1 |     5 |     2 ||     8
Dodge: Dodged            |     3 |    47 |     5 ||    55

Table legend: (Time is in decaauts)
 A = Elapsed time spent in this place.
 B = Non-inter-level travel time spent in this place.
 C = Inter-level travel time spent in this place.
 D = Time resting spent in this place.
 E = Time spent auto-exploring this place.
 F = Levels seen in this place.
 G = Mean time per level.
                   A        B        C        D        E       F      G
               +--------+--------+--------+--------+--------+-----+--------+
         Total |   4389 |   4151 |    238 |      0 |   3527 |   6 |  731.5 |
       Dungeon |   4343 |   4117 |    226 |      0 |   3505 |   5 |  868.6 |
        Temple |     45 |     33 |     12 |      0 |     22 |   1 |   45.0 |
               +--------+--------+--------+--------+--------+-----+--------+

Top non-repeatable levels by time:
     D:4: 1215 daAuts
     D:3: 1209 daAuts
     D:1: 961 daAuts
     D:2: 925 daAuts
  Temple: 45 daAuts
     D:5: 31 daAuts
